 Dungeon Crawl Stone Soup version 0.26-a0-540-g8a0c9464d7 (webtiles) character file.

Game seed: 742224663631662676

118 Ge0ff the Sneak (level 5, -2/35 HPs)
             Began as a Human Enchanter on Aug 15, 2020.
             Slain by Sigmund
             ... wielding a +0 scythe
              (14 damage)
             ... on level 3 of the Dungeon.
             The game lasted 00:07:05 (2902 turns).

Ge0ff the Sneak (Human Enchanter)                   Turns: 2902, Time: 00:07:06

Health: -2/35      AC:  5    Str:  8    XL:     5   Next: 23%
Magic:  2/8        EV: 12    Int: 16    God:
Gold:   197        SH:  0    Dex: 14    Spells: 2/8 levels left

rFire    . . .     SeeInvis .   a - +1 dagger
rCold    . . .     Faith    .   (no shield)
rNeg     . . .     Spirit   .   b - +0 robe
rPois    .         Reflect  .   G - +0 helmet
rElec    .         Harm     .   (no cloak)
rCorr    .                      o - +0 pair of gloves
MR       +....                  r - +0 pair of boots
Stlth    ++........             (no amulet)
HPRegen  0.11/turn              j - ring of protection from magic {=R}
MPRegen  0.11/turn              E - ring of flight

@: no status effects
A: no striking features
a: Evoke Flight


You were on level 3 of the Dungeon.
You visited 1 branch of the dungeon, and saw 3 of its levels.

You collected 197 gold pieces.

Inventory:

Hand Weapons
 a - a +1 dagger (weapon)
 m - a +0 dagger of speed
Missiles
 i - 43 stones (quivered) {don't train}
 I - 6 atropa-tipped darts {don't train}
Armour
 b - a +0 robe (worn)
 k - a +0 tower shield
 o - a +0 pair of gloves (worn)
 r - a +0 pair of boots (worn)
 G - a +0 helmet (worn)
Jewellery
 j - a ring of protection from magic (left hand) {=R}
 E - a ring of flight (right hand)
Scrolls
 c - a scroll of noise {unknown}
 e - a scroll of random uselessness {unknown}
 p - a scroll of enchant armour {unknown}
 q - 2 scrolls of identify {unknown}
 C - a scroll of remove curse
 D - a scroll of fog {unknown}
 F - a scroll of teleportation {unknown}
Potions
 l - 4 potions of stabbing
 H - a potion of brilliance {unknown}


   Skills:
 + Level 2.2 Short Blades
 - Level 2.0 Dodging
 + Level 3.7 Stealth
 - Level 2.0 Spellcasting
 * Level 3.6 Hexes
 * Level 2.4 Ice Magic


You had 2 spell levels left.
You knew the following spells:

 Your Spells              Type           Power        Failure   Level
a - Corona                Hex            ##.....      4%          1
k - Ensorcelled Hibernat  Hex/Ice        ##....       9%          2
t - Confusing Touch       Hex            ##......     14%         3

Your spell library contained the following spells:

 Spells                   Type           Power        Failure   Level
 Tukima's Dance           Hex            ##......     14%         3
 Dazzling Flash           Conj/Hex       #.....       28%         3


Dungeon Overview and Level Annotations

Branches:
Dungeon (3/15)

Altars:

Annotations:
D:3 Natasha, Sigmund


Message History

Sigmund hits you with a +0 scythe.
You barely miss Sigmund.
Sigmund is almost dead.
You closely miss Sigmund.
Sigmund is almost dead.
Sigmund casts a spell.
Sigmund flickers and vanishes!
Deactivating autopickup; reactivate with Ctrl-A.
Your magical contamination has completely faded away.
You hit something but do no damage. Something hits you!
You hit something but do no damage. You barely miss something.
You hear some strange, mumbled words.
A magic dart appears from out of thin air!
The magic dart hits you.
It was a potion of cancellation.
You feel magically purged. Something barely misses you.
You miss something. You miss something. Something hits you!
You die...

###.# .........# ###.##
.........#
.....#####.......(..#
....................#
.....#####..........#
.....# ########†# (....#
#########.####
.....######.......)....#
...)............@{.....#
.......................#
..........(............#
.........................
####.......###############
#.......# #.......#
#.......# #.......#


There were no monsters in sight!

Vanquished Creatures
  Robin (D:3)
  5 adders
  A worm (D:3)
  2 dart slugs
  3 leopard geckos
  An orc (D:3)
  4 giant cockroaches
  7 hobgoblins
  3 kobolds
  A ball python (D:2)
  7 bats
  2 frilled lizards
  10 goblins
  7 rats
54 creatures vanquished.

Notes
Turn   | Place    | Note
-------+----------+-------------------------------------------
     0 | D:1      | Ge0ff the Human Enchanter began the quest for the Orb.
     0 | D:1      | Reached XP level 1. HP: 13/13 MP: 3/3
   299 | D:1      | Reached XP level 2. HP: 15/19 MP: 5/5
   303 | D:1      | Learned a level 2 spell: Ensorcelled Hibernation
  1048 | D:2      | Reached skill level 1 in Ice Magic
  1048 | D:2      | Reached XP level 3. HP: 24/24 MP: 1/6
  1744 | D:2      | Reached XP level 4. HP: 28/30 MP: 4/7
  2220 | D:3      | Noticed Sigmund
  2240 | D:3      | Noticed Natasha
  2475 | D:3      | Noticed Robin
  2502 | D:3      | Killed Robin
  2623 | D:3      | Reached XP level 5. HP: 30/35 MP: 1/8
  2765 | D:3      | Learned a level 3 spell: Confusing Touch
  2902 | D:3      | Slain by Sigmund

Illustrated notes

Levels and vault maps discovered:
D:1:      nzn_arrival_settlement, layout_loops_ring
D:2:      layout_basic, grunt_decor_cap
D:3:      layout_basic, uniq_robin, uniq_natasha, uniq_sigmund

Skill      XL: |  1  2  3  4 |
---------------+-------------+-----
Ice Magic      | 1 2 |  2.4
Short Blades   | 2 |  2.2
Dodging        | |  2.0
Stealth        | |  3.7
Spellcasting   | |  2.0
Hexes          | |  3.6

Action                   |  1- 3 |  4- 6 || total
-------------------------+-------+-------++-------
Melee: Dagger            |    89 |   102 ||   191
Throw: Stone             |    10 |    31 ||    41
 Cast: Corona            |     2 |       ||     2
       Ensorcelled Hiber |    10 |    22 ||    32
  Use: Potion            |     2 |     2 ||     4
       Scroll            |       |     1 ||     1
 Stab: Sleeping          |    14 |    12 ||    26
Armor: Robe              |    15 |    31 ||    46
Dodge: Dodged            |    56 |    59 ||   115

Table legend: (Time is in decaauts)
 A = Elapsed time spent in this place.
 B = Non-inter-level travel time spent in this place.
 C = Inter-level travel time spent in this place.
 D = Time resting spent in this place.
 E = Time spent auto-exploring this place.
 F = Levels seen in this place.
 G = Mean time per level.
                   A        B        C        D        E       F      G
               +--------+--------+--------+--------+--------+-----+--------+
         Total |   2895 |   2807 |     88 |     55 |   2051 |   3 |  965.0 |
       Dungeon |   2895 |   2807 |     88 |     55 |   2051 |   3 |  965.0 |
               +--------+--------+--------+--------+--------+-----+--------+

Top non-repeatable levels by time:
     D:2: 1219 daAuts
     D:1: 989 daAuts
     D:3: 686 daAuts
